 Dungeon Crawl Stone Soup version 0.29.1-15-g9cfb28693d (webtiles) character file.

Game seed: 6448992696059581423

158 H0rd4k the Charlatan (level 5, -2/38 HPs)
             Began as a Human Artificer on May 2, 2023.
             Succumbed to a scorpion's poison
             ... on level 4 of the Dungeon.
             The game lasted 00:02:58 (3661 turns).

H0rd4k the Charlatan (Human Artificer)              Turns: 3661, Time: 00:02:58

Health: -2/38      AC:  3    Str: 12    XL:     5   Next: 66%
Magic:  5/5        EV: 12    Int: 13    God:
Gold:   193        SH:  0    Dex: 14    Spells: 4/4 levels left

rFire   . . .      SeeInvis .   g - +2 short sword (speed)
rCold   . . .      Faith    .   (no shield)
rNeg    . . .      Spirit   .   b - +0 leather armour
rPois   .          Reflect  .   (no helmet)
rElec   .          Harm     .   (no cloak)
rCorr   .          Rampage  .   (no gloves)
Will    .....                   (no boots)
Stlth   ++........              (no amulet)
HPRegen 0.12/turn               (no ring)
MPRegen 0.09/turn               (no ring)

@: lethally poisoned (-2 -> -20)
A: no striking features
a: no special abilities


You were on level 4 of the Dungeon.
You visited 1 branch of the dungeon, and saw 4 of its levels.

You collected 193 gold pieces.

Inventory:

Hand Weapons
 a - a +0 club
 g - a +2 short sword of speed (weapon)
 l - a +2 spear of freezing
Missiles
 u - 2 poisoned darts
Armour
 b - a +0 leather armour (worn)
Jewellery
 t - a ring of see invisible
Wands
 c - a wand of flame (13) (quivered)
 d - a wand of charming (11)
 e - a wand of iceblast (5)
 v - a wand of paralysis (8)
Scrolls
 f - 2 scrolls of teleportation {unknown}
 i - 2 scrolls of fear {unknown}
 n - a scroll of summoning {unknown}
 p - a scroll of butterflies {unknown}
 r - a scroll of identify {unknown}
 s - a scroll of silence {unknown}
 x - 2 scrolls of vulnerability {unknown}
 y - a scroll of enchant weapon {unknown}
 z - 2 scrolls of blinking {unknown}
 A - a scroll of enchant armour {unknown}
 B - a scroll of poison {unknown}
Potions
 h - a potion of lignification {unknown}
 j - 2 potions of degeneration {unknown}
 k - a potion of resistance {unknown}
 m - a potion of haste {unknown}
 o - 2 potions of curing {unknown}
 q - a potion of heal wounds {unknown}
 w - a potion of magic {unknown}


   Skills:
 + Level 1.7 Fighting
 + Level 3.0 Short Blades
 - Level 0.1 Maces & Flails
 - Level 2.0 Armour
 + Level 2.2 Dodging
 + Level 2.0 Stealth
 + Level 3.6 Evocations


You had 4 spell levels left.
You didn't know any spells.
Your spell library was empty.

Dungeon Overview and Level Annotations

Branches:
Dungeon (4/15)
 Temple: D:4-7

Altars:

Shops:
D:2 *

Annotations:
D:2 exclusion: downstairs


Message History

The scorpion barely misses you.
You hit the scorpion but do no damage.
The scorpion is severely wounded.
You hit the scorpion but do no damage.
The scorpion is severely wounded.
The scorpion closely misses you.
You hit the scorpion.
The scorpion is severely wounded.
The scorpion stings you.
You are poisoned.
The scorpion poisons you!
You hit the scorpion but do no damage.
The scorpion is severely wounded.
You feel sick. The scorpion stings you.
You closely miss the scorpion.
The scorpion is severely wounded.
You feel sick.
You hit the scorpion.
The scorpion is severely wounded.
You feel sick. The scorpion barely misses you.
You hit the scorpion but do no damage.
The scorpion is severely wounded.
You feel sick. The scorpion stings you.
* * * LOW HITPOINT WARNING * * *
Aiming: Throw Flame
Press: ? - help, Shift-Dir - straight line, f - scorpion
Aim: a scorpion (severely wounded, 71% to hit)
The puff of flame hits the scorpion.
The scorpion is almost dead.
* * * LOW HITPOINT WARNING * * *
You feel sick. The scorpion stings you.
* * * LOW HITPOINT WARNING * * *
You are more poisoned.
The scorpion poisons you!
Aiming: Throw Flame
Press: ? - help, Shift-Dir - straight line, f/p - scorpion
Aim: a scorpion (almost dead, 71% to hit)
The puff of flame hits the scorpion!
You kill the scorpion!
You die...

#####.#
#.....#
#@# #/#
#.# #.#
#.# #.#
####'####
##
#.......#
..
#.......#
# ###.


There were no monsters in sight!

Vanquished Creatures
  A scorpion (D:4)
  A hound (D:3)
  An orc wizard (D:3)
  3 adders
  2 worms (D:3)
  4 dart slugs
  3 orcs (D:3)
  7 ball pythons
  3 endoplasms
  5 giant cockroaches
  6 goblins
  4 hobgoblins
  3 jackals (D:3)
  2 kobolds
  2 quokkas
  6 bats
  2 frilled lizards
  4 rats
59 creatures vanquished.

Vanquished Creatures (collateral kills)
  An orc (D:3)
1 creature vanquished.

Vanquished Creatures (others)
  3 plants (D:1)
3 creatures vanquished.

Grand Total: 63 creatures vanquished

Notes
Turn   | Place    | Note
-------+----------+-------------------------------------------
     0 | D:1      | H0rd4k the Human Artificer began the quest for the Orb.
     0 | D:1      | Reached XP level 1. HP: 15/15 MP: 1/1
   162 | D:1      | Reached XP level 2. HP: 20/21 MP: 2/2
   597 | D:1      | Reached XP level 3. HP: 23/26 MP: 3/3
  1023 | D:1      | Found a faded altar of an unknown god.
  1386 | D:2      | Reached skill level 1 in Short Blades
  1548 | D:2      | Found Waeh Guo's General Store.
  2193 | D:3      | Reached XP level 4. HP: 19/32 MP: 4/4
  2923 | D:3      | Reached XP level 5. HP: 31/37 MP: 5/5
  3661 | D:4      | Succumbed to a scorpion's poison

Illustrated notes

Levels and vault maps discovered:
D:1:      amcnicky_arrival_flooded_fountain, layout_loops_ring, serial_forest,
          infiniplex_forest_fountain, infiniplex_forest_clump_diagonal,
          infiniplex_forest_clump_diagonal, infiniplex_forest_zigzag_2,
          infiniplex_forest_end_3, infiniplex_forest_straight_4,
          infiniplex_forest_corner_2, ebering_ecumenical_altar_mist
D:2:      layout_basic, serial_shops, nicolae_shop_stone, roderic_roman_lattice,
          minmay_domino_4
D:3:      layout_loops_ring
D:4:      layout_basic, minmay_pentangle, uniq_robin

Skill      XL: |  1  2  3  4  5 |
---------------+----------------+-----
Short Blades   | 1 2 3 |  3.0
Dodging        | 2 |  2.2
Stealth        | 2 |  2.0
Fighting       | |  1.7
Maces & Flails | |  0.1
Armour         | |  2.0
Evocations     | |  3.6

Action                   |  1- 3 |  4- 6 || total
-------------------------+-------+-------++-------
Melee: Club              |    23 |       ||    23
       Short sword       |   138 |   114 ||   252
       Punch             |     1 |     1 ||     2
Evoke: Wand              |       |     6 ||     6
 Stab: Sleeping          |     4 |     4 ||     8
       Distracted        |       |     1 ||     1
Armor: Leather armour    |    36 |    17 ||    53
Dodge: Dodged            |    61 |    49 ||   110
